 Dungeon Crawl Stone Soup version 0.26.1-11-gd32895ea62 (webtiles) character file.

Game seed: 12257144111333340532

1145 Almogavar the Stinger (level 8, -2/48 HPs)
             Began as an Octopode Venom Mage on May 14, 2021.
             Slain by Harold
             ... wielding a +0 war axe
              (17 damage)
             ... on level 7 of the Dungeon.
             The game lasted 00:32:24 (8914 turns).

Almogavar the Stinger (Octopode Venom Mage)         Turns: 8914, Time: 00:32:25

Health: -2/48      AC:  2    Str: 13    XL:     8   Next: 37%
Magic:  11/15      EV: 14    Int: 19    God:
Gold:   327        SH:  0    Dex: 13    Spells: 14/17 levels left

rFire    . . .     SeeInvis +   q - +3 quarterstaff (chaos)
rCold    . . .     Faith    .   (shield currently unavailable)
rNeg     . . .     Spirit   .   j - +1 hat
rPois    .         Reflect  .   (no amulet)
rElec    .         Harm     .   x - ring of see invisible
rCorr    .         Rampage  .   p - +6 ring of strength
Will     .....                  (no ring)
Stlth    ++++......             (no ring)
HPRegen  0.16/turn              (no ring)
MPRegen  0.14/turn              (no ring)
                                (no ring)
                                (no ring)

@: no status effects
A: almost no armour, stealthy swim, amphibious, 8 rings, constrict 8, camouflage
1, gelatinous body 1
a: no special abilities


You were on level 7 of the Dungeon.
You visited 1 branch of the dungeon, and saw 7 of its levels.

You collected 327 gold pieces.

Inventory:

Hand Weapons
 c - a +1 dagger of electrocution
 n - a +0 dagger of holy wrath
 q - a +3 quarterstaff of chaos (weapon)
Armour
 j - a +1 hat (worn)
Magical Staves
 y - an uncursed staff of fire
Jewellery
 p - a +6 ring of strength (right tentacle)
 x - a ring of see invisible (left tentacle)
Wands
 b - a wand of iceblast (14)
 o - a wand of polymorph (6)
 s - a wand of digging (5)
Scrolls
 a - a scroll of fear
 e - 3 scrolls of teleportation
 f - 3 scrolls of remove curse
 i - 2 scrolls of magic mapping
 k - 2 scrolls of amnesia
 r - a scroll of blinking {unknown}
 v - a scroll of enchant armour {unknown}
Potions
 d - a potion of resistance
 g - a potion of berserk rage
 h - 2 potions of curing
 l - a potion of ambrosia
 m - a potion of heal wounds
 t - 2 potions of magic
 u - 2 potions of degeneration {unknown}
 w - a potion of mutation {unknown}


   Skills:
 + Level 1.0 Fighting
 + Level 2.7 Staves
 + Level 2.9 Dodging
 + Level 4.1 Stealth
 + Level 5.0 Spellcasting
 + Level 3.3 Transmutations
 + Level 3.0 Air Magic
 + Level 6.9 Poison Magic


You had 14 spell levels left.
You knew the following spells:

 Your Spells              Type           Power        Failure   Level
a - Sting                 Tmut/Pois      96%          1%          1
b - Poisonous Vapours     Pois/Air       46%          2%          2

Your spell library contained the following spells:

 Spells                   Type           Power        Failure   Level
 Olgreb's Toxic Radiance  Pois           31%          8%          4
 Ignite Poison            Fire/Tmut/Pois 17%          10%         3
 Mephitic Cloud           Conj/Pois/Air  17%          10%         3
 Magic Dart               Conj           16%          12%         1
 Summon Small Mammal      Summ           16%          12%         1
 Call Imp                 Summ           4%           19%         2
 Searing Ray              Conj           8%           19%         2
 Call Canine Familiar     Summ           4%           36%         3
 Dazzling Flash           Conj/Hex       8%           36%         3
 Summon Guardian Golem    Hex/Summ       4%           36%         3
 Summon Lightning Spire   Summ/Air       10%          54%         4
 Fulminant Prism          Conj/Hex       2%           77%         4
 Iskenderun's Mystic Bla  Conj/Tloc      4%           77%         4
 Summon Ice Beast         Ice/Summ       4%           77%         4


Dungeon Overview and Level Annotations

Branches:
Dungeon (7/15)
 Temple: D:4-7

Altars:
Gozag
Yredelemnul

Annotations:
D:7 Harold


Innate Abilities, Weirdness & Mutations

You cannot wear most types of armour.
You are very stealthy in the water. (Stealth+)
You are amphibious.
You can wear up to eight rings at the same time.
You can use your tentacles to constrict eight enemies at once.
Your skin changes colour to match your surroundings (Stealth+).
Your rubbery body absorbs attacks. (AC +1, EV +1)


Message History

Aim: Harold, wielding a +0 war axe and wearing a +0 scale mail (lightly wounded, very poisoned, 15% to evade)
The sting hits Harold.
Harold looks as sick as possible!
Harold is moderately wounded.
Harold hits you with a +0 war axe!
You hit Harold. You burn Harold. Your grab misses Harold.
Harold is moderately wounded.
Harold closely misses you.
You hit Harold but do no damage. Your grab misses Harold.
Harold is moderately wounded.
You barely miss Harold. You grab Harold.
Harold is moderately wounded.
You constrict Harold, but do no damage. Harold hits you with a +0 war axe!
You sock Harold! You freeze Harold!
Harold is severely wounded.
You constrict Harold, but do no damage. Harold hits you with a +0 war axe!
* * * LOW HITPOINT WARNING * * *
You hit Harold but do no damage.
Harold is severely wounded.
You constrict Harold. Harold hits you with a +0 war axe!
You die...

..................
........#....####
.........#..##
..........#.## ....
..........#..# ......
...........#.## #......
...........##.## .......
.........@.##.(# .......
###......@.###.###.......
########## #..#.($.....
##.......... ##.........
#......... ...........
#........#$..
...@.........#
......###....##


You could see Harold (very poisoned).

Vanquished Creatures
  An ice beast (D:5)
  A sky beast (D:5)
  2 phantoms
  2 bullfrogs (D:6)
  A water moccasin skeleton (D:6)
  An orc priest (D:6)
  Crazy Yiuf (D:3)
  4 orc wizards
  An iguana (D:4)
  Ijyb (D:3)
  3 worker ants
  A hound skeleton (D:4)
  A howler monkey zombie (D:5)
  Robin (D:3)
  11 adders
  2 white imps
  4 oozes (D:1)
  6 worms
  2 dart slugs
  A leopard gecko (D:3)
  15 orcs
  4 ball pythons
  4 bats
  5 giant cockroaches
  2 gnoll zombies (D:2)
  17 goblins
  7 hobgoblins
  4 jackals
  8 kobolds
  4 quokkas
  A ball python skeleton (D:4)
  7 frilled lizards
  A quokka zombie (D:6)
  6 rats
132 creatures vanquished.

Vanquished Creatures (others)
  An orc wizard (D:5)
1 creature vanquished.

Grand Total: 133 creatures vanquished

Notes
Turn   | Place    | Note
-------+----------+-------------------------------------------
     0 | D:1      | Almogavar the Octopode Venom Mage began the quest for the
                  | Orb.
     0 | D:1      | Reached XP level 1. HP: 11/11 MP: 3/3
     1 | D:1      | Found a runed translucent door.
   324 | D:1      | Reached XP level 2. HP: 17/17 MP: 3/5
   478 | D:1      | Reached skill level 4 in Poison Magic
   717 | D:1      | Learned a level 2 spell: Poisonous Vapours
   804 | D:1      | Reached XP level 3. HP: 21/21 MP: 3/6
  1554 | D:2      | Reached XP level 4. HP: 27/27 MP: 4/7
  2115 | D:2      | Found a basalt altar of Yredelemnul.
  2966 | D:3      | Reached XP level 5. HP: 31/31 MP: 0/9
  3124 | D:3      | Noticed Ijyb
  3208 | D:3      | Killed Ijyb
  3209 | D:3      | Reached skill level 5 in Poison Magic
  3433 | D:3      | Found a runed translucent door.
  3434 | D:3      | Noticed Crazy Yiuf
  3940 | D:3      | Reached skill level 1 in Air Magic
  4209 | D:3      | Reached XP level 6. HP: 36/36 MP: 2/11
  4470 | D:3      | Noticed Robin
  4476 | D:3      | Killed Robin
  4618 | D:3      | Killed Crazy Yiuf
  4836 | D:4      | Noticed a phantom
  4849 | D:4      | Killed a phantom
  5321 | D:4      | Reached XP level 7. HP: 38/41 MP: 11/13
  5468 | D:4      | Reached skill level 6 in Poison Magic
  5558 | D:4      | Reached skill level 1 in Staves
  5943 | D:5      | Entered Level 5 of the Dungeon
  6118 | D:5      | Found an opulent altar of Gozag.
  7493 | D:6      | Reached XP level 8. HP: 47/47 MP: 7/14
  7858 | D:6      | Reached skill level 1 in Fighting
  8191 | D:6      | Reached skill level 5 in Spellcasting
  8670 | D:7      | Noticed Harold
  8914 | D:7      | Slain by Harold

Illustrated notes

Levels and vault maps discovered:
D:1:      dpeg_arrival_caged_fury, layout_loops_ring
D:2:      layout_loops_ring, lemuel_zombie_altar_yredelemnul
D:3:      layout_rooms, uniq_ijyb, uniq_crazy_yiuf_cottage, uniq_robin
D:4:      layout_rooms
D:5:      layout_loops_ring, nicolae_gozag_cash_rules_everything_around_me
D:6:      layout_cave_pods
D:7:      minmay_the_grid_square_5x5_3x3 [minmay_the_grid_square_5x5_bracketed,
          minmay_the_grid_square_5x5_six_small,
          minmay_the_grid_square_5x5_n_small,
          minmay_the_grid_square_5x5_trominoes,
          minmay_the_grid_square_5x5_megaprize_checkered,
          minmay_the_grid_square_5x5_tri_point,
          minmay_the_grid_square_5x5_eight_small,
          minmay_the_grid_square_5x5_two, minmay_the_grid_square_5x5_checkered],
          layout_cave_pods, minmay_temple_entry_junction, uniq_joseph,
          uniq_harold, uniq_duvessa

Skill      XL: |  1  2  3  4  5  6  7  8 |
---------------+-------------------------+-----
Stealth        | 3 4 |  4.1
Poison Magic   | 4 5 6 |  6.9
Spellcasting   | 3 4 5 |  5.0
Transmutations | 2 3 |  3.3
Air Magic      | 1 2 3 |  3.0
Staves         | 2 |  2.7
Fighting       | 1 |  1.0
Dodging        | |  2.9

Action                   |  1- 3 |  4- 6 |  7- 9 || total
-------------------------+-------+-------+-------++-------
Melee: Dagger            |     6 |    21 |       ||    27
       Constrict         |       |     6 |     7 ||    13
       Tentacles         |       |     5 |     5 ||    10
       Quarterstaff      |       |    13 |    60 ||    73
 Cast: Sting             |    61 |    50 |    42 ||   153
       Poisonous Vapours |       |    56 |    36 ||    92
  Use: Scroll            |       |     4 |     9 ||    13
 Stab: Sleeping          |       |     1 |     2 ||     3
       Paralysed         |       |     1 |       ||     1
Armor: Skin              |     8 |     5 |     7 ||    20
Dodge: Dodged            |    33 |    23 |    33 ||    89
